 Dungeon Crawl Stone Soup version 0.17-a0-1711-gc5340a3 (webtiles) character file.

7788 kae the Fencer (level 11, 53/82 HPs)
             Began as a Minotaur Fighter on Aug 22, 2015.
             Was a High Priest of Okawaru.
             Starved to death
             ... on level 10 of the Dungeon.
             The game lasted 00:11:28 (10698 turns).

kae the Fencer (Minotaur Fighter)                  Turns: 10698, Time: 00:11:28

Health: 53/82      AC: 15    Str: 22    XL:     11   Next: 1%
Magic:  8/10       EV:  9    Int:  7    God:    Okawaru [*****.]
Gold:   286        SH:  0    Dex: 10    Spells: 0 memorised, 10 levels left

rFire  . . .     SeeInvis .     R - +3 great sword
rCold  . . .     Clarity  .     T - +2 pearl dragon armour
rNeg   + . .     SustAt   +     (no shield)
rPois  .         Gourm    .     (helmet restricted)
rElec  .         Spirit   +     G - +0 cloak
rCorr  .         Warding  .     (no gloves)
rMut   .         Stasis   .     E - +0 pair of boots
MR     .....                    D - amulet of guardian spirit
Stlth  ..........               j - ring of stealth
                                m - ring of sustain attributes

@: fainting, not resistant to hostile enchantments, extremely unstealthy
A: retaliatory headbutt, horns 2
a: Heroism, Finesse, Renounce Religion


You were on level 10 of the Dungeon.
You worshipped Okawaru.
Okawaru was extremely pleased with you.
You were fainting.

You visited 2 branches of the dungeon, and saw 11 of its levels.

You collected 469 gold pieces.
You spent 183 gold pieces at shops.

Inventory:

Hand weapons
 a - a +3 long sword
 R - a +3 great sword (weapon)
Armour
 b - a +1 scale mail
 c - a +0 shield
 E - a +0 pair of boots (worn)
 G - a +0 cloak (worn)
 T - a +2 pearl dragon armour (worn)
Jewellery
 j - a ring of stealth (right hand)
 l - an uncursed ring of fire
 m - a ring of sustain attributes (left hand)
 D - an amulet of guardian spirit (around neck)
 U - an uncursed ring of magical power
Magical devices
 h - a wand of flame (20)
 F - a wand of draining (5)
 J - a wand of invisibility (3)
 L - a wand of teleportation (8)
 V - a wand of fire (9)
Scrolls
 g - 3 scrolls of teleportation
 i - 5 scrolls of remove curse
 o - 2 scrolls of fog
 q - 2 scrolls of recharging
 u - 8 scrolls of identify
 v - 2 scrolls of fear
 O - 3 scrolls of enchant weapon
 P - 3 scrolls of blinking
 Z - a scroll of immolation {unknown}
Potions
 d - a potion of might
 f - 5 potions of heal wounds
 k - a potion of brilliance {unknown}
 n - 6 potions of curing
 p - a potion of magic {unknown}
 r - 2 potions of haste
 s - a potion of invisibility
 t - 2 potions of degeneration {unknown}
 B - 3 potions of cancellation
 C - a potion of poison {unknown}
 H - a potion of beneficial mutation {unknown}
 I - 3 potions of cure mutation {unknown}
 M - a potion of berserk rage {unknown}
 S - a potion of mutation {unknown}
 W - a potion of flight {unknown}
Books
 y - a book of Battle

   Spells                             Type                      Level
   a - Infusion                       Charms                       1
   b - Shroud of Golubria             Charms/Translocation         2
   c - Song of Slaying                Charms                       2
   d - Spectral Weapon                Hexes/Charms                 3
   e - Regeneration                   Charms/Necromancy            3
 A - a book of the Sky

   Spells                             Type                      Level
   a - Summon Lightning Spire         Summoning/Air                4
   b - Airstrike                      Air                          4
   c - Silence                        Hexes/Air                    5
   d - Deflect Missiles               Charms/Air                   6
   e - Conjure Ball Lightning         Conjuration/Air              6
   f - Tornado                        Air                          9
 N - a Fen Folio

   Spells                             Type                      Level
   a - Corpse Rot                     Necromancy                   2
   b - Stone Arrow                    Conjuration/Earth            3
   c - Leda's Liquefaction            Hexes/Earth                  4
   d - Summon Forest                  Summoning/Translocation      5
   e - Hydra Form                     Transmutation                6
   f - Summon Hydra                   Summoning                    7
 Q - a book of Cantrips

   Spells                             Type                      Level
   a - Corona                         Hexes                        1
   b - Animate Skeleton               Necromancy                   1
   c - Summon Small Mammal            Summoning                    1
   d - Apportation                    Translocation                1
 X - a book of Alchemy

   Spells                             Type                      Level
   a - Sublimation of Blood           Necromancy                   2
   b - Ignite Poison                  Fire/Transmutation/Poison    3
   c - Alistair's Intoxication        Transmutation/Poison         4
   d - Condensation Shield            Ice                          4
   e - Petrify                        Transmutation/Earth          4
   f - Irradiate                      Conjuration/Transmutation    5
Miscellaneous
 Y - a sack of spiders
Comestibles
 e - 3 beef jerkies
 w - 9 meat rations
 x - a fruit
 z - 6 bread rations
 K - 8 slices of pizza


   Skills:
 - Level 3.6 Fighting
 + Level 18.6 Long Blades
 - Level 3.6 Armour
 - Level 3.6 Shields


You had 10 spell levels left.
You didn't know any spells.

Dungeon Overview and Level Annotations

Branches:
Dungeon (10/15)            Temple (1/1) D:4            Lair (0/8) D:9
    Orc: D:9-12

Altars:
Ashenzari
Cheibriados
Dithmenos
Elyvilon
Fedhas
Gozag
Kikubaaqudgha
Makhleb
Nemelex Xobeh
Okawaru
Qazlal
Ru
Sif Muna
Trog
Vehumet
Xom
Yredelemnul
Zin
The Shining One

Shops:
D:4 *


Innate Abilities, Weirdness & Mutations

You reflexively headbutt those who attack you in melee.
You have a pair of horns on your head.


Message History

The hungry ghost hits you.
You feel slightly more hungry. The hungry ghost hits you.
You feel slightly more hungry. The hungry ghost hits you.
You feel slightly more hungry. The hungry ghost hits you.
You feel slightly more hungry. The hungry ghost hits you.
You feel slightly more hungry. The hungry ghost hits you.
You feel slightly more hungry. The hungry ghost completely misses you.
The crimson imp blinks!
The hungry ghost hits you.
You feel slightly more hungry. The crimson imp hits you.
The hungry ghost barely misses you. The crimson imp hits you.
The hungry ghost hits you.
You feel slightly more hungry.
You can move again.
You barely miss the hungry ghost. Your headbutt misses the hungry ghost.
The hungry ghost is heavily damaged.
The crimson imp hits you. The hungry ghost hits you.
You slash the hungry ghost!
The hungry ghost is almost destroyed.
You have starved to death.
You die...

≈≈≈≈≈..+ #.#...##...
≈≈≈...#+# #.#....'...
..$....# #.#.[..#... ≈;....#
#.#....#... #.....#
#.##'###### #.....#
#.##.######
#.....####....#.....
#W............####
#@#######.........
#.####5#######.##..####
#......................
#######################.#.#.
#...............# #...#.
##.#####.......#.# ##..#.
#......'.......#)########..#.
########.......#.#..........[
#.......#.#.######..#.


You could see a hungry ghost, an electric eel and a crimson imp.

Vanquished Creatures
  A centaur warrior (D:9)
  A cyclops (D:9)
  An elephant (D:9)
  A trapdoor spider zombie (D:9)
  2 trolls (D:9)
  5 yaks
  A wraith (D:10)
  A human (D:7)
  A hippogriff (D:10)
  A water moccasin (D:9)
  Duvessa (D:7)
  4 phantoms
  4 ogres
  A sky beast (D:9)
  A wasp (D:9)
  A black bear (D:7)
  3 ice beasts
  6 centaurs
  2 eyes of draining
  2 big kobolds (D:9)
  4 giant frogs
  Dowan (D:7)
  5 wights (D:9)
  2 scorpions
  3 crimson imps
  4 jellies
  Crazy Yiuf (D:7)
  4 orc priests
  2 giant frog skeletons
  5 orc wizards
  2 centaur skeletons
  5 hounds
  9 worker ants
  3 iguanas
  5 sheep
  9 adders
  3 shadow imps
  2 oozes
  2 worms
  6 giant geckos
  26 orcs
  9 bats
  5 giant cockroaches
  9 goblins
  9 hobgoblins
  5 giant newts
  10 jackals
  12 kobolds
  A quokka (D:7)
  2 quokka zombies
  5 rats
210 creatures vanquished.

Vanquished Creatures (collateral kills)
  A flayed ghost (D:9)
1 creature vanquished.

Grand Total: 211 creatures vanquished

Notes
Turn   | Place    | Note
--------------------------------------------------------------
     0 | D:1      | kae the Minotaur Fighter began the quest for the Orb.
     0 | D:1      | Reached XP level 1. HP: 19/19 MP: 0/0
   148 | D:1      | Reached XP level 2. HP: 26/26 MP: 1/1
   328 | D:1      | Reached skill level 4 in Long Blades
   667 | D:2      | Found a faded altar to an unknown god.
   670 | D:2      | Reached XP level 3. HP: 31/31 MP: 2/2
   957 | D:2      | Reached skill level 5 in Long Blades
  1139 | D:2      | Reached XP level 4. HP: 39/39 MP: 3/3
  1931 | D:3      | Found a deep blue altar of Sif Muna.
  2250 | D:4      | Reached skill level 6 in Long Blades
  2291 | D:4      | Noticed an ogre
  2297 | D:4      | HP: 1/39 [ogre/giant club (20)]
  2303 | D:4      | Killed an ogre
  2303 | D:4      | Reached skill level 7 in Long Blades
  2303 | D:4      | Reached XP level 5. HP: 20/45 MP: 4/4
  2466 | D:4      | Noticed an ogre
  2475 | D:4      | Killed an ogre
  2475 | D:4      | Reached XP level 6. HP: 9/51 MP: 5/5
  2803 | D:4      | Reached skill level 8 in Long Blades
  2883 | D:4      | Found Sucanek's Assorted Antiques.
  2906 | D:4      | Found a staircase to the Ecumenical Temple.
  2958 | D:4      | Bought a scroll labeled UWNICL VIAGODD for 21 gold pieces
  2958 | D:4      | Bought a scroll labeled QAILEL OLOU for 21 gold pieces
  2958 | D:4      | Bought a twisted bone ring for 105 gold pieces
  2958 | D:4      | Bought a ruby potion for 18 gold pieces
  2958 | D:4      | Bought a bubbling red potion for 18 gold pieces
  3660 | D:4      | Reached skill level 9 in Long Blades
  3940 | D:5      | Entered Level 5 of the Dungeon
  3948 | D:5      | Reached XP level 7. HP: 57/57 MP: 6/6
  3961 | Temple   | Entered the Ecumenical Temple
  4010 | Temple   | Became a worshipper of Warmaster Okawaru
  4434 | D:5      | Reached skill level 10 in Long Blades
  4963 | D:5      | Found a sacrificial altar of Ru.
  5242 | D:6      | Reached skill level 11 in Long Blades
  5337 | D:6      | Acquired Okawaru's first power
  5337 | D:6      | Reached XP level 8. HP: 22/64 MP: 4/7
  5559 | D:6      | Found an ancient bone altar of Kikubaaqudgha.
  6246 | D:7      | Reached skill level 12 in Long Blades
  6423 | D:7      | Found a snail-covered altar of Cheibriados.
  6440 | D:7      | Reached skill level 13 in Long Blades
  6733 | D:7      | Reached XP level 9. HP: 70/70 MP: 8/8
  6971 | D:7      | Noticed Duvessa
  6971 | D:7      | Noticed Dowan
  6980 | D:7      | Killed Duvessa
  6980 | D:7      | Reached skill level 14 in Long Blades
  6992 | D:7      | Killed Dowan
  7002 | D:7      | Noticed Crazy Yiuf
  7008 | D:7      | Killed Crazy Yiuf
  8243 | D:9      | Reached skill level 15 in Long Blades
  8460 | D:9      | Found a shimmering altar of Xom.
  8484 | D:9      | Found a shadowy altar of Dithmenos.
  8486 | D:9      | Found a white marble altar of Elyvilon.
  8487 | D:9      | Found a shattered altar of Ashenzari.
  8796 | D:9      | Reached skill level 16 in Long Blades
  8992 | D:9      | Reached XP level 10. HP: 60/77 MP: 6/9
  9079 | D:9      | Noticed an elephant
  9109 | D:9      | Killed an elephant
  9328 | D:9      | Found a large runed door.
  9329 | D:9      | Found a large runed door.
  9333 | D:9      | Noticed a cyclops
  9346 | D:9      | Reached skill level 17 in Long Blades
  9352 | D:9      | Killed a cyclops
  9436 | D:9      | Found a staircase to the Lair.
  9836 | D:9      | Noticed a centaur warrior
  9841 | D:9      | Killed a centaur warrior
  9841 | D:9      | Acquired Okawaru's second power
  9841 | D:9      | Received a gift from Okawaru
  9841 | D:9      | Reached skill level 18 in Long Blades
  9842 | D:9      | Found a deep blue altar of Sif Muna.
  9842 | D:9      | Noticed a flayed ghost
  9848 | D:9      | Killed a flayed ghost
  9850 | D:9      | Found a basalt altar of Yredelemnul.
  9913 | D:10     | Entered Level 10 of the Dungeon
 10116 | D:10     | Found a shimmering altar of Xom.
 10686 | D:10     | Reached XP level 11. HP: 54/82 MP: 7/10
 10698 | D:10     | Starved to death

Vault maps used:
D:1:      minmay_arrival_solitary_statue, minmay_misc_feat_nine_boxes
D:2:      ecumenical_altar_2
D:3:      lemuel_round_altar
D:4:      minmay_temple_entry_purple_smoke, serial_shops, nicolae_shop_trees
D:5:      lemuel_coloured_pillars_altar, first_bread, roderic_lattice_a
D:6:      basic_altar
D:7:      basic_altar, grunt_livestock, uniq_crazy_yiuf_cottage, uniq_duvessa
D:8:      kennysheep_decorative_pillar
D:9:      grunt_temple_overflow_open, david_lair_generic, jmf_multi_god_temple2
D:10:     serial_shops, kennysheep_mini, basic_altar
Temple:   circular_temple_13

Action                   |  1- 3 |  4- 6 |  7- 9 | 10-12 || total
-------------------------+-------+-------+-------+-------++-------
Melee: Long sword        |    98 |   127 |   313 |       ||   538
       Great sword       |       |       |    14 |   156 ||   170
Invok: Heroism           |       |       |     3 |     1 ||     4
  Use: Potion            |       |     1 |       |       ||     1
       Scroll            |       |    12 |     6 |     1 ||    19
 Stab: Distracted        |       |       |       |     1 ||     1
  Eat: Chunk             |     1 |     7 |     6 |     4 ||    18
       Bread ration      |       |     1 |     1 |       ||     2
       Fruit             |       |     1 |     1 |     1 ||     3
